 Dungeon Crawl Stone Soup version 0.31-a0-965-g8a8ce12e04 (webtiles) character file.

Game seed: 9094034165028117376

37706 strifetoe the Basher (level 13, -3/124 HPs)
             Began as an Armataur Berserker on Oct 27, 2023.
             Was a High Priest of Trog.
             Slain by a death yak (18 damage)
             ... on level 2 of the Lair of Beasts.
             The game lasted 00:36:38 (14818 turns).

strifetoe the Basher (Armataur Berserker)          Turns: 14818, Time: 00:36:39

Health: -3/124     AC: 17    Str: 30    XL:     13   Next: 59%
Magic:  4/4        EV: 10    Int:  7    God:    Trog [*****.]
Gold:   750        SH:  0    Dex: 19    Spells: 12/12 levels left

rFire   + . .        u - +5 flail of Trog's Benevolence {antimagic, Str+3 Dex+2 Stlth-}
rCold   x . .        (no shield)
rNeg    + + .        m - +0 chain mail {rPois}
rPois   +            F - +2 hat of Tuycrif {rN++}
rElec   .            r - scarf {shadows}
rCorr   .            p - +2 pair of gloves
SInv    .            (no barding)
Will    .....        t - amulet of regeneration
Stlth   +            l - ring of fire
HPRegen 1.20/turn    s - +6 ring of dexterity
MPRegen 0.09/turn

%: roll
@: no status effects
A: large, rugged brown scales 3, deformed body, armoured tail, roll, long
tongue, awkward tongue
a: Renounce Religion, Berserk, Trog's Hand, Brothers in Arms


You were on level 2 of the Lair of Beasts.
You worshipped Trog.
Trog was extremely pleased with you.
You visited 2 branches of the dungeon, and saw 15 of its levels.

You collected 774 gold pieces.
You spent 24 gold pieces at shops.

Inventory:

Hand Weapons
 c - a +0 morningstar
 u - the +5 flail of Trog's Benevolence (weapon) {antimagic, Str+3 Dex+2 Stlth-}
   (Trog gifted it to you on level 2 of the Lair of Beasts)

   Str+3:     It affects your strength (+3).
   Dex+2:     It affects your dexterity (+2).
   Stlth-:    It makes you less stealthy.
 B - the +4 long sword "Beetleslayer" {heavy, +Blink rPois Int-5 SInv}
   (You took it off a centaur on level 9 of the Dungeon)

   Int-5:     It affects your intelligence (-5).
   rPois:     It protects you from poison SInv: It lets you see invisible.
   +Blink:    It lets you blink.
 C - a +0 morningstar
Missiles
 k - 3 curare-tipped darts
 x - a throwing net
Armour
 m - a +0 chain mail of poison resistance (worn)
 p - a +2 pair of gloves (worn)
 r - a scarf of shadows (worn)
 F - the +2 hat of Tuycrif (worn) {rN++}
   (You found it on level 9 of the Dungeon)

   rN++:      It greatly protects you from negative energy.
 G - the -2 hat "Mumugis" {Will+}
   (You found it on level 9 of the Dungeon)

   Will+:     It increases your willpower.
Jewellery
 l - a ring of fire (left hand)
 s - a +6 ring of dexterity (right hand)
 t - an amulet of regeneration (around neck)
Wands
 a - a wand of flame (28)
 e - a wand of polymorph (12)
 y - a wand of digging (8)
 A - a wand of iceblast (1)
Scrolls
 b - a scroll of immolation
 g - 3 scrolls of vulnerability
 h - 6 scrolls of identify
 D - a scroll of silence
 E - a scroll of fog
Potions
 f - 2 potions of curing
 i - 2 potions of attraction
 j - 4 potions of enlightenment
 o - a potion of heal wounds
 q - a potion of berserk rage
 w - 2 potions of lignification
 z - 2 potions of magic


   Skills:
 + Level 11.4 Fighting
 - Level 14.0 Maces & Flails
 + Level 12.3 Armour
 + Level 4.5 Dodging
 + Level 9.8 Stealth


You had 12 spell levels left.
You didn't know any spells.
Your spell library was empty.

Dungeon Overview and Level Annotations

Branches:
Dungeon (13/15)            Temple (0/1) D:4            Lair (2/5) D:9
  Swamp (0/4) Lair:2          Orc (0/2) D:12
  Snake: Lair:2-3    Spider: Lair:2-3    Vaults: D:13-14

Altars:
Dithmenos
Fedhas
Nemelex Xobeh
Qazlal
Sif Muna
Uskayaw
Xom
Yredelemnul
The Shining One

Shops:
D:3 ?   D:8 *

Annotations:
D:3 3 runed translucent doors, pascalblue's ghost, amateur DESu
D:13 Lodul
Lair:1 3 runed translucent doors, ragingrage's ghost, journeyman TrMo


Innate Abilities, Weirdness & Mutations

You are completely covered in rugged brown scales. (AC +3, +7% HP)
Armour fits poorly on your strangely shaped body.
You have a long armoured tail.
You roll when moving toward enemies. (Rampage)
Your long tongue fully drains potion bottles. (2x potion effects)
Your tongue gives you trouble enunciating. (1.5x scroll delay)


Message History

You hit the death yak.
The death yak is heavily wounded.
The death yak gores you! The death yak completely misses you.
You hit the death yak.
The death yak is heavily wounded.
The death yak gores you but does no damage.
You hit the death yak.
The death yak is heavily wounded.
The yak gores you! The death yak barely misses you.
You hit the death yak but do no damage.
The death yak is heavily wounded.
The death yak falls through a shaft!
The shaft crumbles and collapses.
You hit the death yak. You tail-slap the death yak!
The death yak is severely wounded.
The yak barely misses you.
You bludgeon the death yak!!
The death yak is almost dead.
The yak closely misses you.
You thump the death yak!
You kill the death yak!
Trog accepts your kill. The yak barely misses you.
The yak gores you but does no damage. The death yak barely misses you.
You closely miss the yak.
The death yak gores you but does no damage.
The yak gores you. The death yak gores you!
You hit the death yak.
The death yak is lightly wounded.
The death yak barely misses you.
You hit the death yak but do no damage.
The death yak is lightly wounded.
The death yak closely misses you. The yak gores you but does no damage.
The death yak gores you!! x2
* * * LOW HITPOINT WARNING * * *
The yak gores you but does no damage. x2; The death yak gores you!!
* * * LOW HITPOINT WARNING * * *
You are too injured to fight recklessly!
Unknown command.
The death yak gores you!!
You die...

.....÷..###......÷.....#.#
.......## ##............##
......## ##....^...:..^.#
...#.## #.^.^.....^....#
..#### #...........^..#
..## ##.......^.....[#
...# #.......^^..^...#
...# #####....Y.^.......#
..#####....#...Y@........#
......<......YYYYY^......#
.......>......YY.^......P#
...............Y.........#
.........$..!...........#
........................
.......................
......................
...####P########.


You could see 5 death yaks and 5 yaks.

Vanquished Creatures
  2 hydras
  Erolcha (D:9)
  2 boulder beetles
  4 two-headed ogres
  2 death yaks (Lair:2)
  A bog body (Lair:2)
  2 deep elf pyromancers (D:9)
  2 manticores
  5 ugly things
  4 cyclopes
  2 gargoyles
  11 elephants (Lair:2)
  2 unseen horrors
  3 cane toads
  An efreet (D:11)
  Maggie (D:8)
  A kobold demonologist (D:12)
  4 komodo dragons
  Psyche (D:8)
  6 polar bears
  4 trolls
  Prince Ribbit (D:6)
  12 blink frogs
  A shadow (D:12)
  3 centaur simulacra (D:10)
  2 wraiths
  2 wyverns
  An unseen horror simulacrum (D:10)
  2 basilisks
  27 yaks
  A fire bat (D:8)
  A fire bat (shapeshifter) (D:13)
  A steam dragon (D:9)
  3 vampire mosquitoes (D:13)
  2 acid dragons
  3 water moccasins
  5 ice beasts
  A swamp drake (D:9)
  9 orc warriors
  A sky beast (D:7)
  4 black bears
  3 ogres
  4 wolves
  3 centaurs
  A phantom (D:5)
  4 kobold brigands
  10 bullfrogs
  4 scorpions
  8 wights (D:8)
  11 killer bees
  19 howler monkeys
  3 electric eels
  A crimson imp (D:9)
  4 hounds
  8 orc priests
  3 jellies
  An iron imp (D:9)
  A sleepcap (D:5)
  Ijyb (D:4)
  6 iguanas
  15 orc wizards
  7 gnolls (D:8)
  13 adders
  2 shadow imps
  4 white imps
  2 ufetubi (D:6)
  3 worms
  3 dart slugs
  53 orcs
  3 ball pythons
  4 bats
  7 endoplasms
  3 giant cockroaches
  13 hobgoblins
  10 jackals
  4 quokkas
  3 frilled lizards (D:1)
  11 goblins
  25 kobolds
  4 rats
427 creatures vanquished.

Vanquished Creatures (others)
  A gnoll bouda (D:8)
1 creature vanquished.

Grand Total: 428 creatures vanquished

Notes
Turn   | Place    | Note
-------+----------+-------------------------------------------
     0 | D:1      | strifetoe the Armataur Berserker began the quest for the
                  | Orb.
     0 | D:1      | Reached XP level 1. HP: 19/19 MP: 1/1
   101 | D:1      | Reached skill level 3 in Maces & Flails
   162 | D:1      | Reached XP level 2. HP: 21/26 MP: 2/2
   829 | D:2      | Reached ** piety under Trog
   830 | D:2      | Reached XP level 3. HP: 32/32 MP: 3/3
   923 | D:2      | Reached skill level 4 in Maces & Flails
  1028 | D:2      | Found a hide-covered altar of Uskayaw.
  1497 | D:3      | Reached XP level 4. HP: 31/39 MP: 4/4
  1665 | D:3      | Found a shimmering altar of Xom.
  1963 | D:3      | Found Ynom's Magic Scroll Boutique.
  2004 | D:3      | Bought a scroll of identify for 24 gold pieces
  2098 | D:3      | Reached skill level 5 in Maces & Flails
  2192 | D:3      | Found a runed translucent gate.
  2192 | D:3      | Found a runed translucent gate.
  2192 | D:3      | Found a runed translucent gate.
  2195 | D:3      | Noticed pascalblue's ghost (amateur DESu)
  2196 | D:3      | Noticed a kobold brigand
  2288 | D:3      | Found a faded altar of an unknown god.
  2306 | D:3      | Found a stormy altar of Qazlal.
  2370 | D:4      | Reached XP level 5. HP: 40/44 MP: 5/5
  2425 | D:4      | Reached *** piety under Trog
  2553 | D:4      | Reached skill level 6 in Maces & Flails
  2564 | D:4      | HP: 2/44 [poisoned by a scorpion]
  2732 | D:4      | Found a hide-covered altar of Uskayaw.
  2759 | D:4      | Found a shadowy altar of Dithmenos.
  2765 | D:4      | Reached XP level 6. HP: 53/53 MP: 6/6
  2790 | D:4      | Noticed Ijyb
  2812 | D:4      | Killed Ijyb
  3269 | D:4      | Found a staircase to the Ecumenical Temple.
  3343 | D:4      | Found a sparkling altar of Nemelex Xobeh.
  3481 | D:5      | Entered Level 5 of the Dungeon
  3568 | D:5      | Found a glowing golden altar of the Shining One.
  3918 | D:5      | Reached skill level 1 in Stealth
  3940 | D:5      | Reached XP level 7. HP: 26/62 MP: 7/7
  4448 | D:6      | Reached skill level 5 in Armour
  4486 | D:6      | Reached XP level 8. HP: 71/71 MP: 8/8
  4495 | D:6      | Found a basalt altar of Yredelemnul.
  4714 | D:6      | Noticed Prince Ribbit
  4724 | D:6      | Killed Prince Ribbit
  4725 | D:6      | Reached skill level 5 in Fighting
  4725 | D:6      | Reached skill level 5 in Stealth
  5728 | D:7      | Found a shimmering blue altar of Sif Muna.
  5757 | D:7      | Reached XP level 9. HP: 76/80 MP: 9/9
  5842 | D:7      | You fall into a shaft and drop 1 floor!
  6051 | D:8      | Reached **** piety under Trog
  6083 | D:8      | Noticed Maggie
  6092 | D:8      | Identified the +0 leather armour "Teomyohe" {Will+ Stlth+}
  6103 | D:8      | Killed Maggie
  6155 | D:8      | Reached skill level 7 in Maces & Flails
  6360 | D:8      | Noticed Psyche
  6411 | D:8      | Killed Psyche
  6474 | D:8      | Reached XP level 10. HP: 91/94 MP: 10/10
  6595 | D:8      | Reached skill level 8 in Maces & Flails
  6729 | D:8      | Found Irphitato's General Store.
  6822 | D:8      | Found a blossoming altar of Fedhas.
  7149 | D:9      | Noticed a two-headed ogre
  7272 | D:9      | Reached skill level 9 in Maces & Flails
  7426 | D:9      | Reached ***** piety under Trog
  7427 | D:9      | Identified the +4 long sword "Beetleslayer" {heavy, +Blink
                  | rPois Int-5 SInv}
  7560 | D:9      | Noticed Erolcha
  7564 | D:9      | Killed Erolcha
  7565 | D:9      | Reached skill level 10 in Maces & Flails
  7691 | D:9      | Killed a two-headed ogre
  7746 | D:9      | Noticed a deep elf pyromancer
  7747 | D:9      | Noticed a deep elf pyromancer
  7872 | D:9      | Reached skill level 11 in Maces & Flails
  8020 | D:9      | Killed a deep elf pyromancer
  8116 | D:9      | Found a staircase to the Lair.
  8140 | D:9      | Identified the -2 hat "Mumugis" {Will+}
  8141 | D:9      | Identified the +2 hat of Tuycrif {rN++}
  8312 | D:9      | Killed a deep elf pyromancer
  8313 | D:9      | Reached XP level 11. HP: 100/100 MP: 11/11
  8346 | D:10     | Identified the "Soat"
  8346 | D:10     | Entered Level 10 of the Dungeon
  8568 | D:10     | Reached skill level 12 in Maces & Flails
  9704 | D:11     | Noticed a boulder beetle
  9834 | D:11     | Killed a boulder beetle
  9835 | D:11     | Reached skill level 10 in Armour
  9879 | D:11     | Noticed a purple ugly thing
  9890 | D:11     | Killed a purple ugly thing
 10303 | D:11     | Noticed a two-headed ogre
 10308 | D:11     | Killed a two-headed ogre
 10309 | D:11     | Reached skill level 13 in Maces & Flails
 10704 | D:11     | Reached XP level 12. HP: 57/110 MP: 12/12
 10994 | D:12     | Noticed a two-headed ogre
 11217 | D:12     | Killed a two-headed ogre
 11696 | D:12     | Found a staircase to the Orcish Mines.
 11885 | D:12     | Reached skill level 10 in Fighting
 12198 | D:13     | Reached skill level 14 in Maces & Flails
 12292 | D:13     | Noticed a two-headed ogre
 12296 | D:13     | Noticed a four-headed hydra
 12298 | D:13     | Killed a two-headed ogre
 12304 | D:13     | Killed a four-headed hydra
 12486 | D:13     | Noticed Lodul
 12605 | Lair:1   | Entered Level 1 of the Lair of Beasts
 12925 | Lair:1   | Noticed a boulder beetle
 12951 | Lair:1   | Killed a boulder beetle
 13103 | Lair:1   | Reached XP level 13. HP: 69/121 MP: 13/13
 14078 | Lair:1   | Found a runed translucent gate.
 14079 | Lair:1   | Found a runed translucent gate.
 14080 | Lair:1   | Found a runed translucent gate.
 14081 | Lair:1   | Noticed ragingrage's ghost (journeyman TrMo)
 14264 | Lair:2   | Found a staircase to the Swamp.
 14370 | Lair:2   | Identified the +5 flail of Trog's Benevolence {antimagic,
                  | Str+3 Dex+2 Stlth-} (Trog gifted it to you on level 2 of
                  | the Lair of Beasts)
 14370 | Lair:2   | Received a gift from Trog
 14818 | Lair:2   | Slain by a death yak

Illustrated notes

Levels and vault maps discovered:
D:1:      saegor_arrival_simple_e, layout_loops_ring
D:2:      layout_loops_cross, basic_altar, grunt_decor_junction,
          hangedman_decor_growths
D:3:      layout_rooms, xom_confusion_cloud, nicolae_overflow_ecumenical_swirl,
          gammafunk_ghost_nasty_kobolds, serial_shops, shop
D:4:      layout_rooms, mainiacjoe_overflow_tiny_flanked,
          nicolae_dithmenos_shadow_blocks, kennysheep_little_box,
          minmay_temple_entry_hall, uniq_ijyb
D:5:      layout_rooms, tso_metal_star
D:6:      layout_loops_ring, yredelemnul_altar_generic, kennysheep_minor_cross,
          serial_bayou_pond_e, uniq_prince_ribbit1
D:7:      layout_basic, lemuel_coloured_pillars_altar
D:8:      layout_basic, mainiacjoe_overflow_alcove_1, serial_shops,
          nicolae_shop_statue_plus, uniq_psyche, uniq_maggie
D:9:      layout_irregular_city, due_lair_maze_entry_diamond,
          hangedman_minor_magic, uniq_erolcha
D:10:     layout_stronghold, serial_ice, serial_ice_c, serial_ice_g,
          serial_ice_n, serial_ice_h, serial_ice_f, serial_ice_i, serial_ice_b
D:11:     layout_gridville
D:12:     layout_gridville, erik_orc_2
D:13:     layout_loops_cross, nicolae_hepliaklqana_monster_ancestors, uniq_lodul
Lair:1:   layout_layer_cave, gammafunk_ghost_hydra_chop, grunt_megastairs_5
Lair:2:   layout_hall_layers, skrybe_swamp_entry_bodies, minmay_holes

Skill      XL: |  1  2  3  4  5  6  7  8  9 10 11 12 13 |
---------------+----------------------------------------+-----
Maces & Flails | 3 4 5 6 7 11 13 14 | 14.0
Fighting       | 3 4 6 8 10 11 | 11.4
Armour         | 4 5 7 8 10 11 12 | 12.3
Stealth        | 2 4 6 7 8 9 |  9.8
Dodging        | 3 4 |  4.5

Action                     |  1- 3 |  4- 6 |  7- 9 | 10-12 | 13-15 || total
---------------------------+-------+-------+-------+-------+-------++-------
  Melee: Mace              |   124 |   249 |   325 |    31 |       ||   729
         Tailslap          |     3 |    25 |    54 |   152 |    71 ||   305
         Punch             |       |     5 |     5 |    11 |     5 ||    26
         Unarmed           |       |       |     4 |       |       ||     4
         Flail             |       |       |       |   802 |   287 ||  1089
 Invoke: Berserk           |     1 |     4 |     7 |    19 |     1 ||    32
         Trog's Hand       |       |       |     1 |     3 |     1 ||     5
  Evoke: Wand              |       |       |     5 |    17 |       ||    22
    Use: Scroll            |       |     9 |    11 |     6 |       ||    26
         Potion            |       |       |     2 |    10 |       ||    12
   Stab: Sleeping          |     1 |       |       |       |     1 ||     2
         Invisible         |       |       |     2 |       |       ||     2
 Armour: Animal skin       |   101 |   113 |       |       |       ||   214
         Chain mail        |       |   113 |   357 |   964 |   303 ||  1737
         Skin              |       |       |     5 |       |       ||     5
  Dodge: Dodged            |    62 |   108 |   165 |   280 |   124 ||   739

Table legend: (Time is in decaauts)
 A = Elapsed time spent in this place.
 B = Non-inter-level travel time spent in this place.
 C = Inter-level travel time spent in this place.
 D = Time resting spent in this place.
 E = Time spent auto-exploring this place.
 F = Levels seen in this place.
 G = Mean time per level.
                   A        B        C        D        E       F      G
               +--------+--------+--------+--------+--------+-----+--------+
         Total |  14937 |  14460 |    477 |   2382 |   8015 |  15 |  995.8 |
       Dungeon |  12913 |  12519 |    394 |   2298 |   6699 |  13 |  993.3 |
          Lair |   2024 |   1941 |     83 |     84 |   1316 |   2 | 1012.0 |
               +--------+--------+--------+--------+--------+-----+--------+

Top non-repeatable levels by time:
  Lair:1: 1434 daAuts
    D:11: 1383 daAuts
     D:9: 1286 daAuts
    D:10: 1202 daAuts
    D:12: 1199 daAuts
     D:8: 1177 daAuts
     D:4: 1149 daAuts
     D:6: 1124 daAuts
     D:3: 899 daAuts
     D:7: 833 daAuts
     D:1: 814 daAuts
     D:2: 697 daAuts
     D:5: 691 daAuts
  Lair:2: 590 daAuts
    D:13: 453 daAuts
